 Dungeon Crawl Stone Soup version 0.22.1-2-g9c5b331 (webtiles) character file.

997 whitewolfNL the Covered (level 7, -1/61 HPs)
             Began as a Minotaur Berserker on Nov 27, 2018.
             Was a Priest of Trog.
             Slain by an orc priest
             ... wielding a +0 club
              (5 damage)
             ... on level 8 of the Dungeon.
             The game lasted 00:25:06 (6363 turns).

whitewolfNL the Covered (Minotaur Berserker)        Turns: 6363, Time: 00:25:07

Health: -1/61      AC: 15    Str: 22    XL:     7   Next: 99%
Magic:  6/6        EV:  8    Int:  5    God:    Trog [***...]
Gold:   253        SH:  0    Dex: 10    Spells: 6/6 levels left

rFire    + . .     SeeInvis .   e - -1 trident (curse)
rCold    x . .     Gourm    .   (no shield)
rNeg     . . .     Faith    .   r - +1 plate armour
rPois    .         Spirit   .   (helmet restricted)
rElec    .         Reflect  .   u - scarf {repulsion}
rCorr    .         Harm     .   l - +0 pair of gloves
MR       .....                  (no boots)
Stlth    ..........             y - amulet of magic regeneration
HPRegen  0.20/turn              D - ring of fire
MPRegen  0.35/turn              p - ring of attention (curse)

@: about to teleport, berserk cooldown, slowed, repel missiles, very slow
A: retaliatory headbutt, horns 2
a: Berserk, Trog's Hand, Renounce Religion


You were on level 8 of the Dungeon.
You worshipped Trog.
Trog was most pleased with you.
You were not hungry.

You visited 1 branch of the dungeon, and saw 8 of its levels.

You collected 253 gold pieces.

Inventory:

Hand Weapons
 b - a +1 halberd of venom
 e - a cursed -1 trident (weapon)
 f - a +0 flail
 s - a +2 hand crossbow of freezing
 w - a cursed -3 flail
 z - a +2 flail of holy wrath
 C - a +0 battleaxe
Missiles
 d - 143 stones (quivered)
 k - 89 arrows
 x - 65 bolts
 B - 14 sling bullets
Armour
 l - a +0 pair of gloves (worn)
 r - a +1 plate armour (worn)
 u - a scarf of repulsion (worn)
Jewellery
 j - an uncursed ring of protection from cold
 p - a cursed ring of attention (right hand)
 y - an amulet of magic regeneration (around neck)
 D - a ring of fire (left hand)
Wands
 a - a wand of iceblast (9)
 n - a wand of acid (6)
 E - a wand of flame (25)
Scrolls
 i - 2 scrolls of enchant weapon
 m - a scroll of teleportation
 o - a scroll of enchant armour
 A - a scroll of magic mapping
Potions
 h - 2 potions of brilliance
 q - a potion of degeneration {unknown}
 t - a potion of curing {unknown}
 v - 2 potions of agility
Comestibles
 c - 6 rations


   Skills:
 + Level 5.1 Fighting
 + Level 6.0 Maces & Flails
 * Level 3.9 Polearms
 * Level 6.3 Armour
 * Level 4.2 Dodging
 * Level 2.6 Stealth


You had 6 spell levels left.
You didn't know any spells.
Your spell library was empty.

Dungeon Overview and Level Annotations

Branches:
Dungeon (9/15)
 Temple: D:4-7         Lair: D:8-11         Orc: D:9-12

Altars:
Cheibriados

Annotations:
D:4 Eustachio


Innate Abilities, Weirdness & Mutations

You reflexively headbutt those who attack you in melee.
You have a pair of horns on your head.


Message History

Found a stone staircase leading down.
The steam dragon bites you but does no damage.
The steam dragon claws you but does no damage.
The steam dragon completely misses you. The steam dragon barely misses you.
You climb upwards.
The orc priest mumbles some strange prayers to Beogh against you.
Beogh smites you!
The orc priest calls down the wrath of Beogh upon you.
Beogh smites you!
* * * LOW HITPOINT WARNING * * *
There is a stone staircase leading down here.
As you read the scroll of teleportation, it crumbles to dust.
You feel strangely unstable. The steam dragon bites you!
* * * LOW HITPOINT WARNING * * *
The steam dragon closely misses you. The steam dragon breathes steam at you.
The ball of steam hits you! You resist.
* * * LOW HITPOINT WARNING * * *
The orc priest hits you with a club.
You die...

##.≈#≈≈;≈# . #..≈≈≈#≈≈
#...≈≈≈≈#≈ #### ...≈#≈≈≈≈
..###########..≈≈≈#≈≈ ≈
#.##............≈≈≈≈#
#..####.##.....######.≈#≈≈≈
...............# ≈≈≈.
##...###.##...o@# .... #..
#.##...D># ...
#...###.####.### ##
#.......# #..# ##.######
#.##### #.§§o.# #####)#
#...# #)###


You could see a steam dragon and an orc priest.

Vanquished Creatures
  Menkaure (D:4)
  Edmund (D:5)
  An ice beast (D:4)
  An ogre (D:5)
  A centaur (D:4)
  2 scorpions
  3 orc wizards
  An iguana (D:4)
  A centaur skeleton (D:5)
  A worker ant (D:4)
  9 adders
  5 gnolls
  4 oozes
  2 worms
  3 dart slugs
  2 leopard geckos
  13 orcs
  5 giant cockroaches
  7 goblins
  4 hobgoblins
  7 jackals
  5 kobolds (D:1)
  2 quokkas
  3 ball pythons
  6 bats
  4 frilled lizards
  6 rats
100 creatures vanquished.

Notes
Turn   | Place    | Note
-------+----------+-------------------------------------------
     0 | D:1      | whitewolfNL the Minotaur Berserker began the quest for the
                  | Orb.
     0 | D:1      | Reached XP level 1. HP: 19/19 MP: 0/0
   261 | D:1      | HP: 1/20 [gnoll/spear (6)]
   261 | D:1      | Reached XP level 2. HP: 2/27 MP: 1/1
   925 | D:1      | Reached XP level 3. HP: 33/33 MP: 2/2
  1505 | D:2      | Reached skill level 1 in Stealth
  1598 | D:2      | Reached ** piety under Trog
  1648 | D:2      | Reached XP level 4. HP: 38/40 MP: 3/3
  1714 | D:2      | Reached skill level 5 in Maces & Flails
  2684 | D:3      | Found a snail-covered altar of Cheibriados.
  2898 | D:3      | Reached XP level 5. HP: 44/47 MP: 4/4
  3504 | D:2      | HP: 2/47 [gnoll/flail (4)]
  4158 | D:4      | Noticed an ice beast
  4169 | D:4      | Killed an ice beast
  4169 | D:4      | Reached XP level 6. HP: 39/53 MP: 5/5
  4476 | D:4      | Noticed Menkaure
  4481 | D:4      | Killed Menkaure
  4481 | D:4      | Reached skill level 1 in Polearms
  4481 | D:4      | Reached skill level 5 in Armour
  4820 | D:4      | Reached XP level 7. HP: 60/60 MP: 6/6
  5225 | D:4      | Noticed Eustachio
  5249 | D:5      | Entered Level 5 of the Dungeon
  5318 | D:5      | Reached *** piety under Trog
  5529 | D:5      | Noticed Edmund
  5541 | D:5      | Killed Edmund
  6081 | D:6      | You fall through a shaft for 2 floors!
  6081 | D:8      | Noticed a steam dragon
  6084 | D:8      | Reached skill level 5 in Fighting
  6363 | D:8      | Slain by an orc priest

Skill      XL: |  1  2  3  4  5  6  7 |
---------------+----------------------+-----
Maces & Flails | 4 5 6 |  6.0
Fighting       | 4 5 |  5.1
Stealth        | 1 2 |  2.6
Armour         | 3 4 5 6 |  6.3
Dodging        | 3 4 |  4.2
Polearms       | 1 3 |  3.9

Action                   |  1- 3 |  4- 6 |  7- 9 || total
-------------------------+-------+-------+-------++-------
Melee: Mace              |    66 |    70 |       ||   136
       Headbutt          |     9 |    15 |    18 ||    42
       Trident           |       |    48 |   103 ||   151
       Flail             |       |     7 |       ||     7
Throw: Throwing net      |       |       |     1 ||     1
Invok: Berserk           |     2 |     7 |     6 ||    15
Evoke: Wand              |       |       |     2 ||     2
  Use: Scroll            |       |     7 |     6 ||    13
       Potion            |       |     2 |       ||     2
 Stab: Sleeping          |       |     1 |       ||     1
  Eat: Chunk             |     4 |    10 |     4 ||    18
       Ration            |       |     2 |     2 ||     4
Armor: Animal skin       |     9 |       |       ||     9
       Leather armour    |     2 |     3 |       ||     5
       Plate armour      |       |   107 |   105 ||   212
Dodge: Dodged            |    43 |    63 |    58 ||   164
       Deflected         |       |       |     4 ||     4
